[Event "*** Titled Tuesday Blitz"]
[Site "Chess.com"]
[Date "2019.04.02"]
[Round "5"]
[White "Beawuids"]
[Black "cukus"]
[Result "0-1"]
[WhiteElo "2354"]
[BlackElo "2412"]
[TimeControl "180+2"]
[EndTime "15:03:16 PDT"]
[Termination "cukus won by resignation"]

1. e4 e5 2. Nf3 Nf6 3. d4 Nxe4 4. Bd3 d5 5. dxe5 Be7 6. O-O O-O 7. Nbd2 Nc5 8. Be2 c6 9. Nd4 f6 10. N2f3 fxe5 11.
Nxe5 Nbd7 12. Nd3 Bd6 13. b4 Ne4 14. Ne6 Qf6 15. Nxf8 Qxa1 16. Ne6 Ne5 17. Nef4 Nc4 18. Bg4 Qf6 19. Bxc8 Rxc8 20. Qg4 Rf8 21. f3 Nc3 22. h4 Ne5 23. Nxe5 Qxe5 24. Qe6+ Qxe6 25. Nxe6 Re8 26. Nd4 Bxb4 27. Kf2 Bc5 28. Be3 Nb5 29. Nf5 d4 30. Bf4 d3+ 31. Kg3 dxc2 32. Rc1 Re2 0-1

[Event "*** Titled Tuesday Blitz"]
[Site "Chess.com"]
[Date "2019.04.02"]
[Round "5"]
[White "gmjoey1"]
[Black "Chesstrainer1"]
[Result "1-0"]
[WhiteElo "2498"]
[BlackElo "2394"]
[TimeControl "180+2"]
[EndTime "15:03:18 PDT"]
[Termination "gmjoey1 won by resignation"]

1. e4 c5 2. Nf3 e6 3. c3 Nf6 4. e5 Nd5 5. d4 cxd4 6. Bc4 Nb6 7. Bb3 dxc3 8. Nxc3 d6 9. exd6 Bxd6 10. Qe2 Nc6 11. O-O O-O 12. Rd1 Qe7 13. Ne4 Bc7 14. Bg5 f6 15. Be3 Nd7 16. Rac1 Kh8 17. Nh4 Qf7 18.
f4 Re8 19. a3 Nf8 20. f5 Qe7 21. Bc5 Bb6 22. Bxb6 axb6 23. Nd6 Rd8 24. Rxc6 bxc6 25. Nf7+ Qxf7 26. Rxd8 Ba6 27. Qd2 Bb7 28. fxe6 Qe7 29.
Rd6 Re8 30. Nf5 Qc7 31. h3 g6 32. e7 gxf5 33. exf8=Q+ Rxf8 34. Rd7 Qb8 35. Qh6 1-0

[Event "*** Titled Tuesday Blitz"]
[Site "Chess.com"]
[Date "2019.04.02"]
[Round "5"]
[White "Maitreia"]
[Black "scaryninja"]
[Result "0-1"]
[WhiteElo "2661"]
[BlackElo "2471"]
[TimeControl "180+2"]
[EndTime "15:03:20 PDT"]
[Termination "scaryninja won on time"]

1. c4 e5 2. g3 Nc6 3. Bg2 Bc5 4. Nc3 a6 5. Nf3 Nge7 6. O-O d6 7. e3 O-O 8. d4 Ba7 9. d5 Nb8 10. e4 h6 11. Be3 f5 12. Bxa7 Rxa7 13. exf5 Bxf5 14. Nd2 Nd7 15. Nde4 Ra8 16. Qd2 Kh8 17. Rae1 Ng8 18. f4 Ngf6 19. Nxf6 Rxf6 20. Ne4 Bxe4 21. Bxe4 exf4 22.
Rxf4 Rxf4 23. Qxf4 Qf6 24. Qxf6 Nxf6 25. Bg6 Rd8 26. Kg2 Kg8 27. Kf3 Nd7 28. Bd3 Rf8+ 29. Kg2 Ne5 30. Be2 b6 31. b4 Ra8 32. c5 bxc5 33.
bxc5 Rb8 34. cxd6 cxd6 35. Bxa6 Ra8 36. Bb5 Rxa2+ 37. Kf1 Rxh2 38. Ra1 Rh1+ 39. Kf2 Rxa1 0-1

[Event "*** Titled Tuesday Blitz"]
[Site "Chess.com"]
[Date "2019.04.02"]
[Round "5"]
[White "Supernotar"]
[Black "2nd_life"]
[Result "0-1"]
[WhiteElo "2555"]
[BlackElo "2458"]
[TimeControl "180+2"]
[EndTime "15:03:20 PDT"]
[Termination "2nd_life won by resignation"]

1. d4 Nf6 2. c4 e6 3. Nf3 c5 4. d5 exd5 5. cxd5 d6 6. Nc3 a6 7.
a4 g6 8. Nd2 Bg7 9. g3 O-O 10.
Bg2 Nbd7 11. O-O Re8 12. h3 Rb8 13. Nc4 Ne5 14. Na3 Nh5 15. Kh2 Bd7 16. f4 b5 17.
axb5 axb5 18. fxe5 Nxg3 19. Rf3 Bxe5 20. Bf4 Bxf4 21.
Rxf4 Nh5 22. Rf3 b4 23. Nc4 bxc3 24. bxc3 Bb5 25. Ne3 Qg5 26. Qd2 Rb7 27. c4 Bd7 28.
Raf1 f5 29. Qc3 f4 30. Nd1 Rxe2 31. R1f2 Rxf2 32. Nxf2 Bf5 33. Qa5 Rb2 34. Qa8+ Kg7 35. Qc6 Qg3+ 36. Rxg3 fxg3+ 37. Kh1 Rb1+ 38. Bf1 Rxf1+ 39.
Kg2 Rxf2+ 40. Kg1 Bxh3 41. Qd7+ Bxd7 0-1

[Event "*** Titled Tuesday Blitz"]
[Site "Chess.com"]
[Date "2019.04.02"]
[Round "5"]
[White "Quiet_Desperation"]
[Black "BlackBoarder"]
[Result "0-1"]
[WhiteElo "2414"]
[BlackElo "2531"]
[TimeControl "180+2"]
[EndTime "15:03:20 PDT"]
[Termination "BlackBoarder won by resignation"]

1. e4 e6 2. d4 d5 3. Nc3 Bb4 4.
e5 Ne7 5. Bd2 b6 6. Nf3 Ba6 7.
Ne2 Bxd2+ 8. Qxd2 c5 9. O-O-O Nbc6 10. Kb1 O-O 11. c3 Rc8 12. Rc1 Nf5 13. Ng3 Bxf1 14. Rhxf1 Nxg3 15. hxg3 cxd4 16. cxd4 Na5 17. b3 Qd7 18.
Rxc8 Rxc8 19. Rc1 h6 20. Rc3 Kf8 21. g4 Ke8 22. g5 h5 23. Qc2 Rxc3 24. Qxc3 g6 25. Ne1 Kd8 26. Qb4 Qe7 27. Qd2 Nc6 28. Nc2 Kd7 29. f4 Qd8 30. Qc3 Qc8 31. Nb4 a5 32. Nd3 Qa6 33. a3 a4 34. Nb4 Qf1+ 35.
Kb2 Qxg2+ 36. Kb1 Qf1+ 37. Kb2 Qe2+ 38. Kb1 Qd1+ 39. Kb2 Nxb4 40. bxa4 Nd3+ 0-1

[Event "*** Titled Tuesday Blitz"]
[Site "Chess.com"]
[Date "2019.04.02"]
[Round "5"]
[White "VeraNebolsina"]
[Black "ChessicallyInclined"]
[Result "0-1"]
[WhiteElo "2407"]
[BlackElo "2525"]
[TimeControl "180+2"]
[EndTime "15:03:23 PDT"]
[Termination "ChessicallyInclined won by resignation"]

1. e4 d6 2. d4 Nf6 3. Nc3 g6 4. Nf3 Bg7 5. h3 O-O 6. Be3 c6 7. Bd3 b5 8. O-O b4 9. Ne2 Nbd7 10. a3 bxa3 11. Rxa3 Qc7 12. Bd2 c5 13. Ba5 Nb6 14.
Rc3 Nfd7 15. b4 Qb8 16. bxc5 dxc5 17. e5 cxd4 18. Nexd4 Nxe5 19. Nxe5 Qxe5 20. Nc6 Qd6 21. Re1 Bxc3 22. Nxe7+ Qxe7 23. Rxe7 Bxa5 24. h4 Bc3 25. h5 Bf6 26. Rc7 Be6 27. Qf3 Be5 28. Rc5 Nd7 29.
Ra5 Bg7 30. Be4 Rab8 31. Rxa7 Rb1+ 32. Kh2 Ne5 33. Qa3 Ng4+ 34. Kg3 Bd4 35. f3 Bxa7 36. fxg4 Bb8+ 37. Kf2 Bxg4 38. h6 Bf4 39. c4 Rbb8 40.
c5 Bxh6 41. c6 Rbc8 42. Qc3 Bg7 43. Qa5 Be6 44. c7 Bd4+ 45. Kf3 Kg7 46. Bb7 h5 47.
Bxc8 Rxc8 48. Kg3 f6 49. Kh4 Be5 50. g4 g5+ 51. Kh3 hxg4+ 52. Kg2 Rxc7 0-1

[Event "*** Titled Tuesday Blitz"]
[Site "Chess.com"]
[Date "2019.04.02"]
[Round "5"]
[White "GameOverBro"]
[Black "Lion_DL"]
[Result "1-0"]
[WhiteElo "2511"]
[BlackElo "2457"]
[TimeControl "180+2"]
[EndTime "15:03:25 PDT"]
[Termination "GameOverBro won by checkmate"]

1. e4 Nc6 2. Nf3 d6 3. h3 Nf6 4. Nc3 e5 5. Bc4 Be7 6. O-O h6 7. d4 exd4 8. Nxd4 O-O 9. Re1 Na5 10. Bf1 c5 11. Nde2 Nc6 12. Nf4 Re8 13. Ncd5 Nxd5 14.
Nxd5 Bf8 15. Bf4 Be6 16. c3 Bxd5 17. Qxd5 Qf6 18. Bg3 Rad8 19. Rad1 Qe6 20. Bc4 Qxd5 21. Rxd5 a6 22. a4 Ne5 23. Bf1 g5 24. Red1 f6 25. f3 Kf7 26. Bf2 Rc8 27. Be2 Rc6 28. g3 Rb6 29. R1d2 Rc6 30. f4 gxf4 31. gxf4 Ng6 32. Bh5 Kg7 33. f5 Rxe4 34. Bxg6 Rc7 35. Kg2 Rxa4 36. Re2 Be7 37. Bg3 Rd7 38. Re6 Kf8 39.
Bxd6 Bxd6 40. Rxf6+ Kg7 41. Rfxd6 Rxd6 42. Rxd6 b5 43. Rc6 Ra2 44. h4 Rxb2+ 45. Kg3 a5 46. h5 Rb3 47. f6+ Kf8 48. Rc8# 1-0

[Event "*** Titled Tuesday Blitz"]
[Site "Chess.com"]
[Date "2019.04.02"]
[Round "5"]
[White "PotapovaM"]
[Black "Kimster98"]
[Result "1/2-1/2"]
[WhiteElo "2443"]
[BlackElo "2597"]
[TimeControl "180+2"]
[EndTime "15:03:30 PDT"]
[Termination "Game drawn by repetition"]

1. d4 Nf6 2. c4 e6 3. Nf3 b6 4. a3 Bb7 5. Nc3 Ne4 6. Nxe4 Bxe4 7. Nd2 Bb7 8. e4 g6 9. Bd3 Bg7 10. Nf3 O-O 11. O-O d6 12. b4 c5 13. bxc5 bxc5 14.
Rb1 Qc7 15. Qb3 Bc8 16. dxc5 dxc5 17. Be3 Nd7 18. Qa4 Ne5 19. Nxe5 Bxe5 20. g3 Bd4 21. Bf4 Be5 22. Bxe5 Qxe5 23. Qc6 Rb8 24. Rxb8 Qxb8 25.
Qxc5 Rd8 26. Be2 Qb2 27. Bf3 Qc3 28. Qc7 Re8 29. Kg2 e5 30. Qc6 Rd8 31. Qf6 Re8 32. Qc6 Rd8 33. Qf6 Re8 34. Qc6 Rf8 35. Qf6 Be6 36.
Rd1 Bxc4 37. h4 h5 38. Bxh5 gxh5 39. Qg5+ Kh7 40. Qxh5+ Kg7 41. Qg5+ Kh7 42. Qh5+ Kg7 43. Qg5+ Kh7 44. Qh5+ Kg7 45. Qg5+ Kh7 46. Qh5+ Kg7 47.
Qg5+ Kh7 48. Qh5+ 1/2-1/2

[Event "*** Titled Tuesday Blitz"]
[Site "Chess.com"]
[Date "2019.04.02"]
[Round "5"]
[White "medalja"]
[Black "Dixit_Nikhil"]
[Result "0-1"]
[WhiteElo "2284"]
[BlackElo "2482"]
[TimeControl "180+2"]
[EndTime "15:03:32 PDT"]
[Termination "Dixit_Nikhil won by resignation"]

1. d4 Nf6 2. c4 g6 3. Nf3 Bg7 4. g3 O-O 5. Bg2 d6 6. O-O Nbd7 7. Nc3 a6 8. e4 e5 9. h3 b5 10. Be3 bxc4 11. dxe5 dxe5 12. Qe2 Bb7 13. Rfd1 Qe7 14. Qxc4 Nb6 15. Qe2 Nxe4 16. Nxe4 Bxe4 17. Bxb6 Bxf3 18.
Bxf3 cxb6 19. Bxa8 Rxa8 20. Rac1 Qe6 21. Rc7 Qxa2 22.
Rdd7 Rf8 23. Rb7 b5 24. h4 e4 25. h5 Qxb2 26. Qxb2 Bxb2 27. Ra7 b4 28. Rdb7 Bc3 29. Rxa6 Kg7 30. Kg2 gxh5 31. Rc6 Re8 32. Rb5 e3 33. Rg5+ Kf8 34. fxe3 Rxe3 35. Rxh5 Kg7 36. Rg5+ Kf8 37. Rc7 h6 38. Rf5 Re7 39. Rc8+ Kg7 40. Rc4 Rb7 41. Rf1 Be5 42. Re4 f6 43. Rg4+ Kf7 44. Rh4 b3 45. Rxh6 Ke6 46. Rhh1 b2 47. Rb1 Rb3 48. Rhe1 Rxg3+ 49. Kf2 Rb3 50. Re2 Kf5 51. Re3 Bd4 52. Ke2 Rxe3+ 53.
Kd2 Ke4 54. Rh1 f5 55. Rh4+ f4 56. Rh1 Rb3 57. Kc2 b1=Q+ 58. Rxb1 Rxb1 59. Kxb1 f3 60. Kc1 f2 61. Kd1 f1=Q+ 0-1

[Event "*** Titled Tuesday Blitz"]
[Site "Chess.com"]
[Date "2019.04.02"]
[Round "5"]
[White "stepanosinovsky"]
[Black "JSMastropiero"]
[Result "1-0"]
[WhiteElo "2309"]
[BlackElo "2251"]
[TimeControl "180+2"]
[EndTime "15:03:35 PDT"]
[Termination "stepanosinovsky won by resignation"]

1. e4 e6 2. d4 d5 3. exd5 exd5 4. Nc3 Bb4 5. Ne2 c6 6. a3 Bd6 7.
Bf4 Ne7 8. Qd2 O-O 9. h4 Na6 10. O-O-O Nc7 11. h5 b5 12. h6 g6 13. Bxd6 Qxd6 14. Nf4 a5 15. Nce2 b4 16. a4 b3 17.
cxb3 Na6 18. Nd3 c5 19. dxc5 Nxc5 20. Nxc5 Qxc5+ 21. Qc3 Qxc3+ 22. bxc3 Rb8 23. Nd4 Bd7 24. Bb5 Bxb5 25. axb5 Rfc8 26. Kb2 Rc5 27. Ra1 Nc8 28. Rxa5 Nd6 29. Rha1 Ne4 30. Ra8 Rcc8 31. Rxb8 Rxb8 32. b6 f6 33. Ra7 Rxb6 34. Rg7+ Kf8 35. Rxh7 Nxf2 36. Rh8+ Kf7 37. Rc8 Nd3+ 38. Kb1 Nc5 39. h7 Nxb3 40. Nxb3 Rxb3+ 41. Kc2 1-0

[Event "*** Titled Tuesday Blitz"]
[Site "Chess.com"]
[Date "2019.04.02"]
[Round "5"]
[White "SF-96"]
[Black "MasterKroket"]
[Result "1-0"]
[WhiteElo "2546"]
[BlackElo "2380"]
[TimeControl "180+2"]
[EndTime "15:03:42 PDT"]
[Termination "SF-96 won by resignation"]

1. e4 c5 2. Nf3 e6 3. d4 cxd4 4. Nxd4 Nc6 5. Nc3 Qc7 6. Be3 a6 7. Nxc6 dxc6 8. Bd3 e5 9. O-O Nf6 10.
Bg5 Bg4 11. Be2 Bxe2 12. Qxe2 Nd7 13. Qc4 Bd6 14. Rad1 b5 15. Qd3 Bb4 16. Ne2 Nb6 17. Qg3 f6 18. Bc1 Bc5 19. a3 O-O 20. b4 Be7 21. Qg4 Qc8 22. h3 a5 23. c3 axb4 24.
axb4 Ra2 25. Ng3 Qxg4 26. hxg4 Rc2 27. Nf5 Kf7 28. Be3 Nc8 29. Rd7 Ke6 30. Rc7 Rxc3 31.
Nxg7+ Kf7 32. Nf5 Re8 33. Rd1 Kf8 34. Bh6+ Kg8 35. Rxc8 Rxc8 36. Nxe7+ Kf7 37. Nxc8 Rc4 38. Nd6+ 1-0

[Event "*** Titled Tuesday Blitz"]
[Site "Chess.com"]
[Date "2019.04.02"]
[Round "5"]
[White "pheonixking2000"]
[Black "kleinebeer98"]
[Result "1-0"]
[WhiteElo "2783"]
[BlackElo "2731"]
[TimeControl "180+2"]
[EndTime "15:03:44 PDT"]
[Termination "pheonixking2000 won by checkmate"]

1. b3 Nc6 2. Bb2 e5 3. e3 Nf6 4. Nf3 Bd6 5. d4 Qe7 6. d5 Nd8 7. c4 c6 8. Nc3 O-O 9. Be2 Re8 10. e4 Ba3 11. Qc1 Bxb2 12. Qxb2 d6 13. b4 Nh5 14.
g3 f5 15. exf5 Nf6 16. Nh4 e4 17. O-O Nf7 18. Rad1 Ng5 19. Qd2 e3 20. Qxe3 Qxe3 21. fxe3 Rxe3 22. Rd3 Rxd3 23. Bxd3 Bd7 24. dxc6 Bxc6 25.
Re1 Nh3+ 26. Kf1 Ng4 27. Be4 Ng5 28. Bd5+ Bxd5 29. Nxd5 Nxh2+ 30. Kg2 Ng4 31. Re7 Rb8 32. f6 Nxf6 33. Nxf6+ gxf6 34. Nf5 Nf7 35. Rd7 Ne5 36. Rg7+ Kh8 37. Rc7 Nd3 38. a3 b5 39.
cxb5 d5 40. a4 Nxb4 41. Rxa7 h5 42. Kh3 Nc2 43. Kh4 d4 44. Kxh5 d3 45. Kh6 d2 46.
Ne7 Rg8 47. Ng6+ Rxg6+ 48. Kxg6 d1=Q 49. Ra8+ Qd8 50. Rxd8# 1-0

[Event "*** Titled Tuesday Blitz"]
[Site "Chess.com"]
[Date "2019.04.02"]
[Round "5"]
[White "Mikhail_Golubev"]
[Black "Schachmalanders"]
[Result "1-0"]
[WhiteElo "2426"]
[BlackElo "2274"]
[TimeControl "180+2"]
[EndTime "15:03:46 PDT"]
[Termination "Mikhail_Golubev won by resignation"]

1. e4 c5 2. Nf3 d6 3. d4 cxd4 4. Nxd4 Nf6 5. Nc3 g6 6. Be3 Bg7 7. f3 O-O 8. Qd2 Nc6 9. Bc4 a6 10.
Bb3 Bd7 11. O-O-O b5 12. h4 Nxd4 13. Bxd4 a5 14. e5 dxe5 15. Bxe5 a4 16. Bd5 Nxd5 17. Bxg7 Kxg7 18. Qxd5 b4 19. Qd4+ Kg8 20. Qxb4 Qc7 21. Nd5 Qa7 22. Qxe7 Be6 23. Qxa7 Rxa7 24. a3 Rb8 25.
Nb4 Rc7 26. Rd4 Rbc8 27. Rhd1 Bf5 28. Rd8+ Kg7 29. Rxc8 Rxc8 30. Rd4 Re8 31. Kd2 h5 32. Nd3 Rb8 33. Rb4 Rd8 34. Rxa4 Rd5 35. Rb4 Rd6 36.
a4 Ra6 37. b3 f6 38. Rd4 g5 39. Rd5 Be6 40. Nc5 Bxd5 41. Nxa6 gxh4 42. Ke3 Kg6 43. Nc7 Bb7 44. a5 Kg5 45. a6 Bc6 46. a7 h3 47. gxh3 Kh4 48. a8=Q Bxa8 49. Nxa8 Kxh3 50. Kf2 Kh2 51. Nc7 h4 52. Ne6 f5 53. Nf4 h3 54. b4 Kh1 55. Nxh3 Kh2 56. Nf4 Kh1 57. b5 Kh2 58. b6 Kh1 59. b7 Kh2 60. c3 Kh1 61. c4 1-0

[Event "*** Titled Tuesday Blitz"]
[Site "Chess.com"]
[Date "2019.04.02"]
[Round "5"]
[White "Annawel"]
[Black "Gareth-Bale11"]
[Result "1-0"]
[WhiteElo "2892"]
[BlackElo "2704"]
[TimeControl "180+2"]
[EndTime "15:03:48 PDT"]
[Termination "Annawel won by resignation"]

1. e4 e5 2. Nf3 Nc6 3. Bb5 a6 4.
Ba4 Nf6 5. O-O b5 6. Bb3 Bb7 7. Re1 Be7 8. d4 d6 9. c3 O-O 10. h3 Re8 11. Nbd2 Bf8 12. d5 Ne7 13. Nf1 h6 14. Ng3 g6 15. a4 Nd7 16. Bc2 Bg7 17. Qe2 Nc5 18. a5 c6 19. b4 Nd7 20.
dxc6 Nxc6 21. Be3 Rc8 22. Rad1 Qf6 23. Qd2 Nf8 24. Bxh6 Bxh6 25. Qxh6 Nxb4 26. cxb4 Rxc2 27. Rxd6 Ne6 28. Rb6 Bc8 29. Nf5 Qh8 30. Qxh8+ Kxh8 31. Nd6 Re7 32. Nxe5 Kg7 33. Nc6 Rc7 34. Ne8+ Kf8 35.
Nxc7 Nxc7 36. Nd4 Rc4 37. Rb8 Ne8 38. e5 Ke7 39. e6 fxe6 40. Rxc8 Rxc8 41. Rxe6+ Kf7 42.
Rxa6 Rc4 43. Nxb5 Rxb4 44. Nd6+ Nxd6 45. Rxd6 1-0

[Event "*** Titled Tuesday Blitz"]
[Site "Chess.com"]
[Date "2019.04.02"]
[Round "5"]
[White "Blitzstream"]
[Black "fu24"]
[Result "1-0"]
[WhiteElo "2675"]
[BlackElo "2515"]
[TimeControl "180+2"]
[EndTime "15:03:48 PDT"]
[Termination "Blitzstream won by resignation"]

1. e4 e6 2. d4 d5 3. Nd2 Be7 4. Ngf3 Nf6 5. e5 Nfd7 6. Bd3 c5 7. c3 b6 8. O-O Ba6 9. Bxa6 Nxa6 10. Re1 b5 11. Nf1 c4 12. Ng3 Nb6 13. Qd2 Kd7 14.
Qf4 Qg8 15. b4 Rf8 16. h4 Nc7 17. h5 f5 18. exf6 gxf6 19. Nf5 Nc8 20. Nxe7 Nxe7 21. a4 Nc6 22. axb5 Nxb5 23. Bd2 Rf7 24. Ra6 Qb8 25.
Ne5+ Nxe5 26. dxe5 Qb7 27. Rea1 f5 28. Be3 Kc8 29.
Bd4 Re8 30. g3 Kb8 31. Qe3 Ree7 32. Bxa7+ Nxa7 33. Rb6 Ka8 34. Rxb7 Rxb7 35. Qc5 Kb8 36. Qd6+ Rbc7 37. b5 Nc8 38. Qxe6 Rb7 39. Qxd5 Rfc7 40. e6 Ne7 41. Qe5 Rb6 42. Rd1 Kb7 43.
Rd7 1-0

[Event "*** Titled Tuesday Blitz"]
[Site "Chess.com"]
[Date "2019.04.02"]
[Round "5"]
[White "KenanGarayev"]
[Black "Guenplen"]
[Result "0-1"]
[WhiteElo "2760"]
[BlackElo "2921"]
[TimeControl "180+2"]
[EndTime "15:03:51 PDT"]
[Termination "Guenplen won by resignation"]

1. Nf3 d5 2. g3 c6 3. Bg2 Bg4 4.
O-O e6 5. b3 Nf6 6. Bb2 Be7 7.
d3 O-O 8. Nbd2 a5 9. a3 Nfd7 10.
Ne5 Nxe5 11. Bxe5 Nd7 12. Bb2 Bf6 13. Bxf6 Nxf6 14. Qe1 Re8 15. e4 e5 16. h3 Bh5 17.
f4 exf4 18. gxf4 dxe4 19. Nxe4 Nxe4 20. dxe4 f6 21. Qh4 Bg6 22. Rad1 Qb6+ 23. Qf2 Qxf2+ 24. Rxf2 Rad8 25. Rfd2 Rxd2 26. Rxd2 Bxe4 27. Rd7 Bxg2 28. Kxg2 Re2+ 29. Kf3 Rxc2 30. Rxb7 Rc3+ 31. Kg2 h5 32. Rb6 h4 33. b4 a4 34. Ra6 Rg3+ 35. Kh2 Rxa3 36.
Rxc6 Ra2+ 37. Kg1 Rb2 38. Ra6 Rxb4 39. f5 Kh7 40. Kg2 Kh6 41. Kf3 Kg5 42. Ra7 Kxf5 43. Rxg7 Rb3+ 44. Kf2 Rxh3 45. Ra7 a3 46. Ra5+ Kg6 47.
Kg2 Rg3+ 48. Kh2 Rb3 49. Kg2 f5 50. Ra6+ Kg5 51. Ra8 Kg4 52. Rg8+ Kf4 53. Ra8 Ke4 54.
Kf2 h3 0-1

[Event "*** Titled Tuesday Blitz"]
[Site "Chess.com"]
[Date "2019.04.02"]
[Round "5"]
[White "HanSchut"]
[Black "novocane"]
[Result "1/2-1/2"]
[WhiteElo "2185"]
[BlackElo "2195"]
[TimeControl "180+2"]
[EndTime "15:03:51 PDT"]
[Termination "Game drawn by repetition"]

1. e4 c5 2. Nf3 Nc6 3. d4 cxd4 4. Nxd4 e5 5. Nb5 d6 6. N1c3 a6 7. Na3 Be7 8. Nd5 Nf6 9. Nxf6+ Bxf6 10. Nc4 O-O 11.
Ne3 Be6 12. Bd3 Ne7 13. c4 b5 14. cxb5 axb5 15. O-O Qb6 16. Qf3 Rxa2 17. Rxa2 Bxa2 18. b4 Be6 19. g4 Qd4 20. Bxb5 Qxb4 21. Be2 Ng6 22.
Nf5 h6 23. Nxh6+ Kh7 24. Nf5 Bxf5 25. exf5 Nf4 26. Bxf4 exf4 27. Qh3+ Kg8 28. Qh5 Re8 29. g5 Rxe2 30. gxf6 Re1 31. Qg5 Rxf1+ 32. Kxf1 Qb1+ 33. Kg2 Qe4+ 34. Kf1 Qd3+ 35. Kg2 Qe4+ 36. Kf1 Qd3+ 37. Kg2 Qe4+ 38. Kf1 Qd3+ 39. Kg2 1/2-1/2

[Event "*** Titled Tuesday Blitz"]
[Site "Chess.com"]
[Date "2019.04.02"]
[Round "5"]
[White "ElGasanov"]
[Black "Oleg_Papayan"]
[Result "1-0"]
[WhiteElo "2679"]
[BlackElo "2507"]
[TimeControl "180+2"]
[EndTime "15:03:52 PDT"]
[Termination "ElGasanov won by resignation"]

1. c4 Nf6 2. Nc3 e6 3. e4 d6 4. d4 Nbd7 5. Nf3 e5 6. Be2 Be7 7. O-O O-O 8. Qc2 exd4 9. Nxd4 Re8 10. Be3 Bf8 11. Rad1 g6 12. Rfe1 Bg7 13. f3 a5 14.
Ndb5 b6 15. a3 Bb7 16. b4 axb4 17. axb4 Ne5 18. c5 bxc5 19. bxc5 Ra6 20. Nxc7 Qxc7 21. Bxa6 Bxa6 22. cxd6 Qd7 23. Nd5 Nxd5 24. Rxd5 Rc8 25. Qd1 Nc4 26. Bf2 Bc3 27. Rf1 Nb2 28. Qb3 Bxf1 29.
Kxf1 Bg7 30. g4 Nc4 31. Kg2 Ne5 32. Bg3 Nc4 33. Qb5 Ne3+ 34. Kh3 Qe6 35. d7 Rd8 36. Rd3 Nc4 37. Bc7 Na3 38. Qd5 Rxd7 39. Qxe6 fxe6 40. Rxd7 Nc4 41. Bf4 Ne5 42. Rxg7+ 1-0

[Event "*** Titled Tuesday Blitz"]
[Site "Chess.com"]
[Date "2019.04.02"]
[Round "5"]
[White "IMDT02"]
[Black "albi1999"]
[Result "0-1"]
[WhiteElo "2433"]
[BlackElo "2635"]
[TimeControl "180+2"]
[EndTime "15:03:52 PDT"]
[Termination "albi1999 won by resignation"]

1. d4 d5 2. c4 e6 3. Nc3 Nf6 4.
cxd5 Nxd5 5. g3 c5 6. dxc5 Nxc3 7. Qxd8+ Kxd8 8. bxc3 Bxc5 9. Bg2 f6 10. Nf3 Kc7 11. O-O Bd7 12. Nd4 e5 13. Nb3 Be7 14. f4 Nc6 15.
fxe5 Nxe5 16. Bf4 Bd6 17. Rfd1 g5 18. Be3 Bc6 19. Nd4 Rhe8 20. Bxc6 bxc6 21. Nf5 Bf8 22. Bd4 h5 23. Rab1 c5 24. Bf2 Nc4 25. Kf1 Kc6 26. Rd3 Ne5 27. Rd2 Nc4 28. Rd3 Rab8 29. Rb3 a5 30. Ne3 Nxe3+ 31. Rxe3 Rbd8 32. c4 Rd1+ 33. Kg2 Rxe3 34. Bxe3 Ra1 35. Rb2 Bd6 36. Bd2 Be5 37.
Rc2 a4 38. h4 g4 39. Bf4 Bxf4 40. gxf4 f5 41. Rd2 a3 42. Rc2 Kb6 43. Rd2 Ka5 44.
e4 fxe4 45. f5 Rb1 46. f6 Rb2 47. f7 Rxd2+ 0-1

[Event "*** Titled Tuesday Blitz"]
[Site "Chess.com"]
[Date "2019.04.02"]
[Round "5"]
[White "LaughingTiger"]
[Black "Joseph_Truelson"]
[Result "1-0"]
[WhiteElo "2175"]
[BlackElo "2270"]
[TimeControl "180+2"]
[EndTime "15:03:52 PDT"]
[Termination "LaughingTiger won by resignation"]

1. d4 d6 2. c4 e5 3. dxe5 dxe5 4. Qxd8+ Kxd8 5. Nf3 f6 6. Nc3 Be6 7. e3 Nd7 8. b3 c6 9. Bb2 Kc7 10. Be2 Ne7 11.
O-O-O a5 12. h3 Nc8 13. g4 Ncb6 14. Ne4 Be7 15. Rhg1 a4 16. Kc2 axb3+ 17. axb3 Nc5 18. Nxc5 Bxc5 19. g5 Bf5+ 20. Kc3 Bxh3 21. gxf6 g6 22. Ra1 Rxa1 23. Rxa1 Bg4 24. Kc2 e4 25. Be5+ Bd6 26. c5 Bxe5 27. cxb6+ Kd6 28. Nxe5 Kxe5 29. Bxg4 h5 30.
Bh3 Kxf6 31. Ra7 g5 32. Rxb7 g4 33. Bg2 h4 34. Rc7 h3 35. Rxc6+ Ke5 36. Bh1 Rf8 37. b7 Rb8 38. Rb6 Kd5 39. Rb4 Kc5 40. Kc3 h2 41.
Bxe4 Kd6 42. Bh1 Ke5 43. Rc4 g3 44. fxg3 1-0

[Event "*** Titled Tuesday Blitz"]
[Site "Chess.com"]
[Date "2019.04.02"]
[Round "5"]
[White "Sanyura"]
[Black "SlavenPastar"]
[Result "1-0"]
[WhiteElo "2443"]
[BlackElo "2452"]
[TimeControl "180+2"]
[EndTime "15:03:54 PDT"]
[Termination "Sanyura won by resignation"]

1. Nf3 d5 2. g3 c6 3. Bg2 Bg4 4. O-O Nd7 5. d3 e6 6. Nbd2 Bd6 7. e4 Ne7 8. h3 Bh5 9. Qe2 O-O 10. Re1 e5 11.
Nf1 dxe4 12. dxe4 Nc5 13. g4 Bg6 14. Ng3 Ne6 15. Nf5 Bc7 16. b3 f6 17. Ba3 Bxf5 18.
exf5 Nf4 19. Qc4+ Kh8 20. Rad1 Qe8 21. Nd2 Nxg2 22. Kxg2 Rf7 23. Bxe7 Rxe7 24. Ne4 Rd8 25. Nc5 Bb6 26. Ne6 Rxd1 27. Rxd1 Rd7 28. Rd3 h5 29. a4 Kh7 30. g5 fxg5 31. Nxg5+ Kh8 32. Qe4 Rxd3 33.
f6 g6 34. cxd3 Kg8 35. f7+ Qxf7 36. Nxf7 Kxf7 37. Qxe5 1-0

[Event "*** Titled Tuesday Blitz"]
[Site "Chess.com"]
[Date "2019.04.02"]
[Round "5"]
[White "NikolaN98"]
[Black "KRASAVCHIK2002"]
[Result "0-1"]
[WhiteElo "2519"]
[BlackElo "2409"]
[TimeControl "180+2"]
[EndTime "15:03:57 PDT"]
[Termination "KRASAVCHIK2002 won by resignation"]

1. e4 c5 2. Nc3 Nc6 3. f4 e6 4. Nf3 g6 5. d4 cxd4 6. Nxd4 d5 7. Bb5 Ne7 8. exd5 exd5 9. Nxc6 bxc6 10. Nxd5 Bg7 11. Nxe7 Qxe7+ 12. Be2 Bg4 13. h3 Rd8 14. Bd2 Bf5 15. O-O Bxb2 16. Rb1 Bd4+ 17. Kh1 O-O 18. Qe1 Rfe8 19. Bf3 Bxc2 20. Rc1 Bd3 21. Qxe7 Rxe7 22.
Rfe1 Rxe1+ 23. Bxe1 c5 24. Ba5 Re8 25. Rd1 c4 26. Bd5 Bb6 27. Bc3 Re2 28. a4 Bc7 29. Bd2 Bc2 30. Rc1 Rxd2 31. Bxc4 Bxf4 32. Bf1 Be4 33. Kg1 Be3+ 34. Kh1 Bd3 35. Re1 Bxf1 36. Rxf1 Ra2 37. Re1 Bb6 38. Re8+ Kg7 39. a5 Rxa5 0-1

[Event "*** Titled Tuesday Blitz"]
[Site "Chess.com"]
[Date "2019.04.02"]
[Round "5"]
[White "Davor_Rogic"]
[Black "Vegan4future"]
[Result "0-1"]
[WhiteElo "2396"]
[BlackElo "2502"]
[TimeControl "180+2"]
[EndTime "15:03:57 PDT"]
[Termination "Vegan4future won by resignation"]

1. e4 Nc6 2. Nc3 Nf6 3. Nf3 d5 4. e5 Ne4 5. d3 Nxc3 6. bxc3 d4 7.
Bb2 Bg4 8. cxd4 Nxd4 9. Be2 Nxe2 10. Qxe2 Qd5 11. c4 Bxf3 12. gxf3 Qa5+ 13. Qd2 Qa6 14. f4 O-O-O 15. Qc3 e6 16. d4 Rg8 17. O-O-O Qxa2 18. Kc2 Qa4+ 19. Qb3 Qc6 20. f3 g5 21. Rhg1 Be7 22. fxg5 Bxg5 23. Kb1 Bf4 24. Rxg8 Rxg8 25.
d5 Qb6 26. Qxb6 axb6 27. d6 c6 28. d7+ Kc7 29. Rd4 Be3 30. Rh4 Kxd7 31. Rxh7 Ke8 32. Ba3 Bc5 33. Bc1 b5 34. cxb5 cxb5 35. h4 Rg1 36.
Kc2 Rg2+ 37. Kb3 Rg3 38. Bg5 Rxf3+ 39. Kc2 Kd7 40. Rh8 Kc6 41. h5 Bd4 42. Rd8 Bxe5 43. h6 Rh3 44. Rc8+ Kd5 45. Rb8 Bxb8 0-1

[Event "*** Titled Tuesday Blitz"]
[Site "Chess.com"]
[Date "2019.04.02"]
[Round "5"]
[White "XiaoKangZhong"]
[Black "martinjogstad99"]
[Result "0-1"]
[WhiteElo "2108"]
[BlackElo "2217"]
[TimeControl "180+2"]
[EndTime "15:03:58 PDT"]
[Termination "martinjogstad99 won by checkmate"]

1. e4 c5 2. Nf3 e6 3. c3 Nf6 4. e5 Nd5 5. d4 cxd4 6. cxd4 d6 7. Bc4 Nc6 8. Bxd5 exd5 9. O-O Be7 10. Nc3 Be6 11.
Re1 O-O 12. Bf4 Rc8 13. Nb5 dxe5 14. dxe5 a6 15. Nbd4 Nxd4 16. Nxd4 Qb6 17. b3 Bc5 18. Be3 h6 19. Rc1 Bxd4 20. Qxd4 Qa5 21. a4 Rc2 22.
Qf4 Rfc8 23. b4 Qxa4 24. Rxc2 Rxc2 25. Qg3 Qa3 26. Qf4 Ra2 27. h4 Qb2 28. Kh2 Qc2 29. Rc1 Qd3 30. Rc7 Ra1 31. Rxb7 Qd1 32. Rb8+ Kh7 33. Qd4 Qh1+ 34. Kg3 Rg1 35. Kf3 Qxg2+ 36. Ke2 Qf1+ 37. Kd2 Qd1+ 38. Kc3 Qa1+ 39. Kb3 Rb1+ 40. Kc2 Qa2+ 41. Kd3 Rd1+ 42. Kc3 Rxd4 43. Kxd4 Qc4# 0-1